General information
- name: BNet
- type: Ladder team game (AT/RT)
- host: Battle.net
- saver: MaoZedong
map: FullScaleAssault
- players: 8
- length: 29:51
- speed: Fast
- version: 1.26 W3XP
- replay type: Public
» download(222 KB)
Players
team 1 (winner)

»
YodaPark (
orange | 41 APM | 1230 actions | 29:51)
6 Warden
2 Fan of Knives
3 Shadow Strike
1 Spirit of Vengeance
5 Demon Hunter
3 Evasion
2 Immolation
2 Keeper of the Grove
1 Entangling Roots
1 Thorns Aura
» actions
| Basic commands | 200 | |
| Build / train | 82 | |
| Enter build submenu | 29 | |
| Enter hero's abilities submenu | 13 | |
| Remove unit from queue | 1 | |
| Right click | 477 | |
| Select / deselect | 373 | |
| Use ability | 55 | |
1230 total
» units
» upgrades
| Abolish Magic | 1 | |
| Strength of the Wild | 3 | |
| Reinforced Hides | 3 | |
7 total
» buildings
| Moon Well | 8 | |
| Altar of Elders | 1 | |
| Hunter's Hall | 1 | |
| Ancient of War | 2 | |
| Ancient of Wonders | 2 | |
| Tree of Ages | 1 | |
| Ancient Protector | 7 | |
| Tree of Life | 4 | |
| Ancient of Lore | 3 | |
| Tree of Eternity | 1 | |
30 total
» build order
00:03 Moon Well
00:05 Altar of Elders
00:57 Moon Well
03:05 Hunter's Hall
03:07 Moon Well
03:09 Ancient of War
03:12 Ancient of War
03:15 Ancient of Wonders
03:17 Ancient of Wonders
04:55 Tree of Ages
06:00 Ancient Protector
06:04 Ancient Protector
06:13 Tree of Life
06:54 Ancient Protector
06:58 Ancient Protector
07:00 Ancient Protector
08:15 Ancient of Lore
08:17 Ancient of Lore
08:47 Ancient of Lore
10:13 Ancient Protector
10:16 Ancient Protector
11:35 Moon Well
11:37 Moon Well
11:38 Moon Well
11:39 Moon Well
11:51 Moon Well
13:48 Tree of Eternity
21:21 Tree of Life
22:42 Tree of Life
29:11 Tree of Life
» items
| Scroll of Town Portal | 1 | |
| Orb of Venom | 1 | |
| Potion of Healing | 1 | |
3 total

»
derpyderpderp (
teal | 72 APM | 2149 actions | 29:51)
7 Demon Hunter
3 Mana Burn
3 Evasion
1 Metamorphosis
5 Keeper of the Grove
3 Entangling Roots
2 Thorns Aura
5 Priestess of the Moon
3 Trueshot Aura
2 Scout
» actions
| Assign group hotkey | 30 | |
| Basic commands | 280 | |
| Build / train | 122 | |
| Enter build submenu | 31 | |
| Enter hero's abilities submenu | 17 | |
| Give item / drop item | 10 | |
| Remove unit from queue | 1 | |
| Right click | 376 | |
| Select / deselect | 473 | |
| Select group hotkey | 697 | |
| Use ability | 112 | |
2149 total
» units
| Wisp | 53 | |
| Archer | 2 | |
| Hippogryph | 13 | |
| Dryad | 1 | |
| Chimaera | 2 | |
71 total
» upgrades
| Ultravision | 1 | |
| Improved Bows | 1 | |
| Strength of the Moon | 2 | |
| Strength of the Wild | 3 | |
| Reinforced Hides | 2 | |
| Nature's Blessing | 1 | |
| Corrosive Breath | 1 | |
| Hardened Skin | 1 | |
| Resistant Skin | 1 | |
| Druid of the Talon Training | 2 | |
| Hippogryph Taming | 1 | |
| Well Spring | 1 | |
| Moon Armor | 1 | |
18 total
» buildings
| Moon Well | 8 | |
| Altar of Elders | 1 | |
| Ancient of War | 1 | |
| Ancient of Wonders | 1 | |
| Tree of Ages | 2 | |
| Tree of Life | 3 | |
| Hunter's Hall | 1 | |
| Ancient of Wind | 4 | |
| Tree of Eternity | 1 | |
| Ancient of Lore | 1 | |
| Chimaera Roost | 2 | |
| Ancient Protector | 16 | |
41 total
» build order
00:19 Moon Well
00:34 Altar of Elders
00:53 Ancient of War
01:53 Moon Well
02:29 Ancient of Wonders
02:50 Tree of Ages
03:51 Tree of Life
04:01 Hunter's Hall
04:16 Moon Well
04:47 Moon Well
05:56 Ancient of Wind
06:19 Ancient of Wind
07:22 Tree of Eternity
08:46 Ancient of Lore
10:49 Chimaera Roost
10:49 Chimaera Roost
10:56 Moon Well
10:56 Moon Well
12:00 Moon Well
12:01 Moon Well
16:33 Ancient Protector
16:35 Ancient Protector
16:38 Ancient Protector
16:43 Ancient Protector
16:45 Ancient Protector
16:47 Ancient Protector
19:58 Tree of Life
21:12 Tree of Life
25:31 Tree of Ages
27:00 Ancient Protector
27:01 Ancient Protector
27:02 Ancient Protector
27:02 Ancient Protector
27:40 Ancient Protector
27:55 Ancient Protector
28:12 Ancient Protector
28:24 Ancient Protector
28:54 Ancient of Wind
28:55 Ancient of Wind
29:15 Ancient Protector
29:20 Ancient Protector
» items
| Boots of Speed | 3 | |
| Circlet of Nobility | 2 | |
| Orb of Corruption | 2 | |
| Scroll of Town Portal | 2 | |
9 total

»
Devin (
red | 27 APM | 817 actions | 29:51)
6 Mountain King
3 Storm Bolt
2 Bash
1 Avatar
» actions
| Basic commands | 25 | |
| Build / train | 78 | |
| Enter build submenu | 32 | |
| Enter hero's abilities submenu | 6 | |
| Right click | 352 | |
| Select / deselect | 275 | |
| Use ability | 49 | |
817 total
» units
| Peasant | 18 | |
| Footman | 13 | |
| Knight | 20 | |
51 total
» upgrades
| Animal War Training | 1 | |
| Plating | 3 | |
| Swords | 3 | |
7 total
» buildings
| Altar of Kings | 1 | |
| Farm | 14 | |
| Barracks | 3 | |
| Town Hall | 1 | |
| Lumber Mill | 1 | |
| Keep | 1 | |
| Scout Tower | 7 | |
| Arcane Tower | 1 | |
| Guard Tower | 5 | |
| Blacksmith | 1 | |
| Castle | 1 | |
| Arcane Vault | 1 | |
37 total
» build order
00:23 Altar of Kings
00:35 Farm
00:53 Barracks
01:20 Farm
01:59 Farm
02:42 Farm
03:31 Farm
05:06 Town Hall
05:32 Lumber Mill
06:04 Keep
06:30 Scout Tower
06:35 Scout Tower
06:38 Scout Tower
06:41 Scout Tower
06:52 Scout Tower
07:09 Arcane Tower
07:10 Guard Tower
07:12 Guard Tower
07:13 Guard Tower
07:22 Guard Tower
08:06 Blacksmith
08:24 Scout Tower
08:53 Scout Tower
08:55 Guard Tower
09:06 Castle
09:15 Barracks
09:52 Farm
10:36 Farm
12:11 Farm
12:16 Arcane Vault
12:24 Barracks
12:57 Farm
13:02 Farm
13:59 Farm
14:01 Farm
14:47 Farm
14:50 Farm
» items
| Potion of Healing | 1 | |
| Scroll of Town Portal | 3 | |
| Potion of Mana | 1 | |
5 total
1_eye_jack (
pink | 55 APM | 1649 actions | 29:51)
6 Pit Lord
3 Rain of Fire
2 Cleaving Attack
1 Doom
» actions
| Basic commands | 2 | |
| Build / train | 173 | |
| Enter build submenu | 31 | |
| Enter hero's abilities submenu | 7 | |
| Give item / drop item | 10 | |
| Remove unit from queue | 4 | |
| Right click | 961 | |
| Select / deselect | 384 | |
| Use ability | 77 | |
1649 total
» units
| Acolyte | 68 | |
| Ghoul | 12 | |
| Crypt Fiend | 22 | |
| Goblin Zeppelin | 9 | |
| Goblin Shredder | 2 | |
| Frost Wyrm | 3 | |
116 total
» upgrades
| Creature Attack | 3 | |
| Creature Carapace | 2 | |
| Web | 1 | |
6 total
» buildings
| Graveyard | 1 | |
| Crypt | 2 | |
| Ziggurat | 20 | |
| Altar of Darkness | 1 | |
| Tomb of Relics | 1 | |
| Halls of the Dead | 1 | |
| Necropolis | 2 | |
| Spirit Tower | 25 | |
| Black Citadel | 2 | |
| Sacrificial Pit | 1 | |
| Boneyard | 2 | |
58 total
» build order
00:39 Graveyard
00:44 Crypt
00:48 Ziggurat
01:18 Altar of Darkness
01:23 Ziggurat
01:39 Tomb of Relics
03:57 Ziggurat
04:23 Ziggurat
04:45 Halls of the Dead
04:53 Necropolis
08:01 Spirit Tower
09:23 Black Citadel
11:18 Ziggurat
11:19 Ziggurat
11:22 Ziggurat
14:03 Sacrificial Pit
14:29 Spirit Tower
14:30 Spirit Tower
14:49 Spirit Tower
14:51 Spirit Tower
14:52 Spirit Tower
14:52 Spirit Tower
14:52 Spirit Tower
18:39 Boneyard
18:44 Boneyard
19:10 Necropolis
20:09 Crypt
20:30 Ziggurat
20:31 Ziggurat
20:31 Ziggurat
21:55 Spirit Tower
22:37 Spirit Tower
22:37 Spirit Tower
23:04 Spirit Tower
23:04 Spirit Tower
23:46 Ziggurat
23:47 Ziggurat
25:32 Spirit Tower
25:32 Spirit Tower
25:38 Ziggurat
25:41 Ziggurat
27:06 Ziggurat
27:06 Ziggurat
27:08 Ziggurat
27:10 Ziggurat
27:12 Ziggurat
27:13 Ziggurat
27:59 Spirit Tower
28:00 Spirit Tower
28:01 Spirit Tower
28:02 Spirit Tower
28:02 Spirit Tower
29:20 Spirit Tower
29:21 Spirit Tower
29:21 Spirit Tower
» items
| Sacrificial Skull | 1 | |
| Rod of Necromancy | 1 | |
| Scroll of Town Portal | 3 | |
5 total
team 2 (loser)

»
uM.Raven (
green | 52 APM | 1499 actions | 29:00)
7 Priestess of the Moon
3 Trueshot Aura
3 Scout
1 Starfall
» actions
| Assign group hotkey | 31 | |
| Basic commands | 111 | |
| Build / train | 92 | |
| ESC pressed | 12 | |
| Enter build submenu | 22 | |
| Enter hero's abilities submenu | 7 | |
| Give item / drop item | 9 | |
| Remove unit from queue | 1 | |
| Right click | 355 | |
| Select / deselect | 467 | |
| Select group hotkey | 287 | |
| Use ability | 105 | |
1499 total
» units
| Wisp | 21 | |
| Archer | 23 | |
| Hippogryph | 16 | |
| Goblin Shredder | 2 | |
62 total
» upgrades
| Strength of the Moon | 3 | |
| Improved Bows | 1 | |
| Moon Armor | 3 | |
| Hippogryph Taming | 1 | |
| Ultravision | 1 | |
| Well Spring | 1 | |
| Marksmanship | 1 | |
11 total
» buildings
| Altar of Elders | 1 | |
| Moon Well | 14 | |
| Ancient of War | 3 | |
| Tree of Ages | 1 | |
| Hunter's Hall | 1 | |
| Tree of Life | 2 | |
| Ancient of Wind | 2 | |
| Tree of Eternity | 1 | |
25 total
» build order
00:04 Altar of Elders
00:13 Moon Well
01:04 Ancient of War
01:26 Moon Well
01:33 Moon Well
01:33 Moon Well
03:18 Tree of Ages
03:33 Moon Well
04:03 Hunter's Hall
04:28 Moon Well
05:51 Tree of Life
06:12 Ancient of Wind
06:15 Ancient of Wind
09:59 Moon Well
10:54 Moon Well
10:57 Tree of Eternity
12:03 Moon Well
20:46 Moon Well
20:48 Moon Well
20:49 Moon Well
20:52 Moon Well
20:58 Moon Well
21:41 Ancient of War
21:44 Ancient of War
24:03 Tree of Life
» items
| Scroll of Regeneration | 3 | |
| Boots of Speed | 1 | |
| Potion of Lesser Invulnerability | 1 | |
| Orb of Lightning | 1 | |
| Scroll of Town Portal | 1 | |
| Potion of Healing | 1 | |
8 total
Nigg3rBuster (
purple | 42 APM | 1254 actions | 29:51)
7 Blademaster
3 Wind Walk
3 Critical Strike
1 Bladestorm
» actions
| Assign group hotkey | 18 | |
| Basic commands | 24 | |
| Build / train | 70 | |
| ESC pressed | 8 | |
| Enter build submenu | 32 | |
| Enter hero's abilities submenu | 7 | |
| Right click | 451 | |
| Select / deselect | 308 | |
| Select group hotkey | 206 | |
| Use ability | 130 | |
1254 total
» units
| Peon | 7 | |
| Raider | 18 | |
| Mortar Team | 3 | |
| Wisp | 2 | |
30 total
» upgrades
| Pillage | 1 | |
| Melee Weapons | 3 | |
| Armor | 3 | |
| Ensnare | 1 | |
| Reinforced Defenses | 1 | |
| Spiked Barricades | 2 | |
11 total
» buildings
| War Mill | 1 | |
| Stronghold | 3 | |
| Altar of Storms | 1 | |
| Orc Burrow | 6 | |
| Beastiary | 2 | |
| Voodoo Lounge | 1 | |
| Fortress | 1 | |
| Watch Tower | 19 | |
34 total
» build order
01:53 War Mill
03:10 Stronghold
03:10 Stronghold
03:10 Stronghold
03:11 Altar of Storms
03:25 Orc Burrow
04:18 Orc Burrow
05:54 Beastiary
05:54 Beastiary
06:04 Orc Burrow
06:10 Orc Burrow
08:45 Voodoo Lounge
10:02 Fortress
12:04 Watch Tower
12:04 Watch Tower
14:03 Watch Tower
14:04 Watch Tower
14:05 Watch Tower
14:30 Watch Tower
14:31 Watch Tower
15:39 Watch Tower
15:44 Watch Tower
15:45 Watch Tower
15:50 Watch Tower
15:51 Watch Tower
18:33 Orc Burrow
18:33 Orc Burrow
21:13 Watch Tower
21:18 Watch Tower
21:19 Watch Tower
21:20 Watch Tower
21:20 Watch Tower
21:22 Watch Tower
22:30 Watch Tower
» items
| Scroll of Speed | 2 | |
| Scroll of Town Portal | 5 | |
| Healing Salve | 1 | |
| Orb of Lightning | 1 | |
9 total
MaoZedong (
yellow | 105 APM | 3134 actions | 29:51)
9 Blood Mage
3 Flame Strike
3 Siphon Mana
1 Summon Phoenix
2 Banish
» actions
| Assign group hotkey | 69 | |
| Basic commands | 161 | |
| Build / train | 196 | |
| Enter build submenu | 44 | |
| Enter hero's abilities submenu | 10 | |
| Give item / drop item | 5 | |
| Remove unit from queue | 1 | |
| Right click | 1119 | |
| Select / deselect | 415 | |
| Select group hotkey | 929 | |
| Use ability | 185 | |
3134 total
» units
| Peasant | 23 | |
| Footman | 12 | |
| Goblin Shredder | 4 | |
| Goblin Sapper | 2 | |
| Sorceress | 2 | |
| Dragonhawk Rider | 7 | |
| Gryphon Rider | 6 | |
| Blue Dragon | 3 | |
| Goblin Zeppelin | 5 | |
64 total
» upgrades
| Masonry | 4 | |
| Lumber Harvesting | 2 | |
| Swords | 3 | |
| Armor | 3 | |
| Sorceress Training | 2 | |
| Magic Sentry | 1 | |
| Storm Hammers | 1 | |
| Cloud | 1 | |
| Animal War Training | 1 | |
| Plating | 3 | |
| Gunpowder | 3 | |
| Backpack | 1 | |
25 total
» buildings
| Altar of Kings | 1 | |
| Barracks | 1 | |
| Farm | 10 | |
| Arcane Vault | 1 | |
| Town Hall | 2 | |
| Scout Tower | 21 | |
| Lumber Mill | 1 | |
| Arcane Tower | 2 | |
| Keep | 6 | |
| Guard Tower | 32 | |
| Blacksmith | 1 | |
| Arcane Sanctum | 1 | |
| Castle | 2 | |
| Gryphon Aviary | 4 | |
85 total
» build order
00:06 Altar of Kings
00:07 Barracks
00:20 Farm
00:57 Farm
01:42 Farm
02:55 Arcane Vault
03:36 Town Hall
04:38 Scout Tower
05:30 Farm
05:53 Farm
06:01 Lumber Mill
06:13 Arcane Tower
06:37 Keep
06:37 Keep
06:37 Keep
06:45 Scout Tower
06:46 Scout Tower
06:47 Scout Tower
06:49 Scout Tower
06:52 Scout Tower
06:54 Scout Tower
06:56 Scout Tower
07:19 Guard Tower
07:34 Guard Tower
07:34 Guard Tower
07:47 Blacksmith
07:48 Guard Tower
07:59 Scout Tower
08:01 Scout Tower
08:02 Scout Tower
08:04 Scout Tower
08:20 Farm
08:33 Guard Tower
08:33 Guard Tower
08:33 Guard Tower
08:34 Guard Tower
08:34 Guard Tower
08:35 Guard Tower
08:36 Guard Tower
08:40 Guard Tower
08:40 Guard Tower
09:03 Arcane Sanctum
09:19 Castle
09:20 Castle
09:22 Gryphon Aviary
09:25 Gryphon Aviary
09:29 Gryphon Aviary
09:30 Gryphon Aviary
12:26 Farm
12:27 Farm
12:28 Farm
12:30 Farm
22:59 Town Hall
23:02 Scout Tower
23:03 Scout Tower
23:11 Scout Tower
23:13 Scout Tower
23:15 Scout Tower
23:25 Scout Tower
23:27 Scout Tower
23:30 Scout Tower
23:30 Guard Tower
23:31 Guard Tower
23:32 Scout Tower
23:37 Guard Tower
23:38 Guard Tower
23:41 Guard Tower
23:41 Guard Tower
25:17 Guard Tower
» items
| Scroll of Regeneration | 9 | |
| Staff of Teleportation | 1 | |
| Periapt of Vitality | 1 | |
| Potion of Invisibility | 2 | |
| Lesser Clarity Potion | 8 | |
| Potion of Mana | 2 | |
| Scroll of Town Portal | 6 | |
| Potion of Healing | 6 | |
35 total

»
ObaMABiNL4DIn (
blue | 76 APM | 1969 actions | 25:58)
6 Archmage
2 Blizzard
3 Brilliance Aura
1 Mass Teleport
» actions
| Assign group hotkey | 34 | |
| Basic commands | 66 | |
| Build / train | 77 | |
| ESC pressed | 1 | |
| Enter build submenu | 23 | |
| Enter hero's abilities submenu | 6 | |
| Give item / drop item | 4 | |
| Right click | 627 | |
| Select / deselect | 253 | |
| Select group hotkey | 810 | |
| Use ability | 67 | |
1969 total
» units
| Peasant | 17 | |
| Spell Breaker | 4 | |
| Priest | 5 | |
| Sorceress | 1 | |
| Goblin Zeppelin | 2 | |
| Siege Engine | 8 | |
37 total
» upgrades
| Masonry | 2 | |
| Lumber Harvesting | 2 | |
| Priest Training | 2 | |
| Magic Sentry | 1 | |
| Gunpowder | 3 | |
| Plating | 2 | |
| Barrage | 1 | |
13 total
» buildings
| Altar of Kings | 1 | |
| Farm | 9 | |
| Lumber Mill | 1 | |
| Keep | 1 | |
| Castle | 1 | |
| Arcane Sanctum | 4 | |
| Arcane Vault | 1 | |
| Town Hall | 1 | |
| Blacksmith | 1 | |
| Workshop | 5 | |
25 total
» build order
00:09 Altar of Kings
00:15 Farm
01:17 Farm
01:30 Lumber Mill
02:13 Keep
04:37 Castle
05:02 Arcane Sanctum
05:03 Arcane Sanctum
05:06 Arcane Sanctum
05:13 Arcane Vault
05:34 Arcane Sanctum
05:53 Farm
06:29 Farm
07:50 Farm
09:12 Town Hall
10:07 Blacksmith
10:42 Workshop
10:46 Farm
10:47 Farm
10:48 Farm
11:54 Workshop
15:41 Workshop
15:44 Workshop
17:11 Workshop
22:15 Farm
» items
| Boots of Speed | 1 | |
| Staff of Teleportation | 1 | |
| Scroll of Town Portal | 5 | |
| Tiny Great Hall | 1 | |
| Potion of Healing | 6 | |
| Potion of Mana | 1 | |
| Lesser Clarity Potion | 1 | |
| Potion of Lesser Invulnerability | 1 | |
| Potion of Invisibility | 1 | |
18 total
Chat log
(00:11 / All) derpyderpderp: lol how are u guys all together on same team again
(00:12 / Allies) MaoZedong: Hello again, sirs
(00:16 / All) MaoZedong: hax
(00:24 / All) MaoZedong: We are AT vs RT obviously
(00:25 / Allies) uM.Raven: POTM hypps
(00:39 / Allies) MaoZedong: He is slow again lol
(03:22 / Allies) Nigg3rBuster: you got a problem, nig?
(14:04 / Allies) uM.Raven: meet go ?
(15:13 / All) derpyderpderp: lol
(15:14 / All) 1_eye_jack: nice maphack guys
(15:22 / All) MaoZedong: I only have skill hack
(15:36 / All) 1_eye_jack: to badu r skill is shit
(15:49 / All) MaoZedong: you can't defend 1 hero
(16:03 / Allies) uM.Raven: yellow, few lumber to blue
(16:03 / All) 1_eye_jack: u mean 1 pussy
(16:26 / Allies) uM.Raven: yellow, give lumber to blue
(17:48 / All) derpyderpderp: who bought my fucking dragon
(17:52 / All) MaoZedong: i did
(18:00 / All) MaoZedong: It's mine now
(18:00 / All) derpyderpderp: u piece of shit
(18:22 / Allies) Nigg3rBuster: unmount your archer noob
(19:08 / All) derpyderpderp: dragon down
(19:09 / All) derpyderpderp: bitch
(21:25 / Allies) uM.Raven: YELLOW
(21:28 / Allies) uM.Raven: GIVE LUMBER TO BLUE
(22:03 / Allies) uM.Raven: MAOZEDONG
(22:03 / Allies) uM.Raven: MAOZEDONG
(22:04 / Allies) uM.Raven: MAOZEDONG
(22:04 / Allies) uM.Raven: MAOZEDONG
(22:05 / Allies) uM.Raven: MAOZEDONG
(22:07 / Allies) MaoZedong: stfu
(22:17 / Allies) uM.Raven: WOD TO BLUE
(22:21 / Allies) uM.Raven: WOOD*
(22:31 / Allies) MaoZedong: I gave you a lot
(24:23 / Allies) uM.Raven: any extra gold ?
(24:33 / Allies) uM.Raven: blue ? can you ?
(24:53 / Allies) uM.Raven: meet at blue
(24:54 / All) MaoZedong: even with shade you get raped
(25:11 / All) 1_eye_jack: ok dude u can stfu ur losing anyway
(25:24 / All) 1_eye_jack: i have 4 mines anyway?
(25:29 / All) MaoZedong: lol ok
(25:32 / Allies) Nigg3rBuster: fuck, only archer
(29:07 / All) derpyderpderp: nt
(29:13 / All) 1_eye_jack: not really
(29:15 / All) 1_eye_jack: they sucked
(29:21 / All) MaoZedong: you lost your base so many times
(29:23 / All) MaoZedong: sick reaction times
(29:28 / All) derpyderpderp: ?
(29:33 / All) MaoZedong: Pink, not you
(29:34 / All) Devin: kind of hard when u make raiders and tanks
(29:38 / All) 1_eye_jack: i didnt lose shit i had 4 mines all ghame
(29:38 / All) derpyderpderp: why does losing his base matter
(29:48 / All) MaoZedong: you would have 8 if you didn't lose all of them
(29:50 / All) MaoZedong: gg